 Dungeon Crawl Stone Soup version 0.24.0 (webtiles) character file.

Game seed: 8349088937739583236, levelgen mode: deterministic

80 Mrkan the Chopper (level 4, -4/40 HPs)
             Began as a Draconian Monk on Oct 25, 2019.
             Slain by Menkaure (15 damage)
             ... on level 4 of the Dungeon.
             The game lasted 00:03:41 (1639 turns).

Mrkan the Chopper (Draconian Monk)                  Turns: 1639, Time: 00:03:41

Health: -4/40      AC:  5    Str: 14    XL:     4   Next: 18%
Magic:  4/4        EV: 13    Int: 11    God:
Gold:   224        SH:  0    Dex: 13    Spells: 3/3 levels left

rFire    . . .     SeeInvis .   a - +0 hand axe
rCold    . . .     Gourm    .   (no shield)
rNeg     . . .     Faith    .   (armour unavailable)
rPois    .         Spirit   .   (helmet restricted)
rElec    .         Reflect  .   (no cloak)
rCorr    .         Harm     .   (no gloves)
MR       .....                  (no boots)
Stlth    ++........             (no amulet)
HPRegen  0.13/turn              (no ring)
MPRegen  0.09/turn              (no ring)

@: no status effects
A: unfitting armour, cold-blooded, AC +5
a: no special abilities


You were on level 4 of the Dungeon.
You were hungry.

You visited 1 branch of the dungeon, and saw 4 of its levels.

You collected 224 gold pieces.

Inventory:

Hand Weapons
 a - a +0 hand axe (weapon)
 j - a +0 hunting sling
 l - a cursed -2 hand axe
Missiles
 e - 82 stones (quivered)
Armour
 f - a +0 pair of boots
 r - a +0 pair of gloves
Jewellery
 c - an uncursed ring of protection from fire {unknown}
Wands
 q - a wand of acid (8)
Scrolls
 d - 4 scrolls of identify {unknown}
 g - a scroll of enchant weapon {unknown}
 h - a scroll of fog {unknown}
 i - 2 scrolls of remove curse {unknown}
 m - a scroll of magic mapping {unknown}
Potions
 k - 2 potions of curing {unknown}
 n - a potion of invisibility {unknown}
 o - a potion of mutation {unknown}
 p - a potion of heal wounds {unknown}
Comestibles
 b - 2 rations


   Skills:
 + Level 4.1 Fighting
 * Level 4.5 Axes
 - Level 2.6 Dodging
 - Level 1.7 Stealth


You had 3 spell levels left.
You didn't know any spells.
Your spell library was empty.

Dungeon Overview and Level Annotations

Branches:
Dungeon (4/15)
 Temple: D:4-7

Altars:

Annotations:
D:2 Sigmund
D:4 Menkaure


Innate Abilities, Weirdness & Mutations

Your plain brown scales are hard. (AC +5)
You cannot fit into any form of body armour.
You are cold-blooded and may be slowed by cold attacks.


Message History

You hear the slow rusting of a distant drain.
Menkaure barely misses you.
You are feeling hungry.
You barely miss Menkaure.
Menkaure is heavily damaged.
Menkaure hits you!!
You hit Menkaure.
Menkaure is severely damaged.
You hit Menkaure.
Your tail-slap misses Menkaure.
Menkaure is almost destroyed.
Menkaure closely misses you.
You hit Menkaure but do no damage.
Menkaure is almost destroyed.
Menkaure calls on the powers of darkness!
Your body is wracked with pain!
* * * LOW HITPOINT WARNING * * *
You hit Menkaure. You tail-slap Menkaure.
Menkaure is almost destroyed.
Menkaure hits you!
You die...

#.#.####
#.#....#
#.####.#
#.# #.#
#.# #.#
#.# #.#
#.# #.#
####.####
#.....@.#
#.#####M#
# .# ..
... ..##
..# #.#


You could see Menkaure.

Vanquished Creatures
  2 adders (D:3)
  An ooze (D:4)
  An adder skeleton (D:4)
  2 worms
  2 dart slugs (D:1)
  A leopard gecko (D:1)
  An orc (D:3)
  7 bats
  A giant cockroach (D:4)
  3 goblins (D:1)
  4 hobgoblins
  4 kobolds (D:1)
  3 quokkas
  5 frilled lizards
  A quokka skeleton (D:4)
  4 rats
42 creatures vanquished.

Notes
Turn   | Place    | Note
-------+----------+-------------------------------------------
     0 | D:1      | Mrkan the Draconian Monk began the quest for the Orb.
     0 | D:1      | Reached XP level 1. HP: 19/19 MP: 1/1
   129 | D:1      | Reached XP level 2. HP: 23/26 MP: 2/2
   461 | D:2      | Noticed Sigmund
   485 | D:2      | Reached XP level 3. HP: 32/33 MP: 3/3
  1268 | D:3      | Reached XP level 4. HP: 23/40 MP: 4/4
  1626 | D:4      | Noticed Menkaure
  1639 | D:4      | Slain by Menkaure

Levels and vault maps discovered:
D:1:      nzn_arrival_water_spiral, layout_rooms, minmay_tromino_i4
D:2:      layout_loops_ring, grunt_gozag_breadcrumbs, minivault_4, uniq_sigmund,
          uniq_robin, uniq_crazy_yiuf_cottage
D:3:      layout_basic, kennysheep_pointless_box
D:4:      layout_loops_ring, gammafunk_temple_overflow_forgotten,
          gup_sewer_entry_spiral, uniq_menkaure
